AoeStats
← HHH

Arena

510228994Analyzed
2v2 RM · 2d ago on Sep 30, 2026· 61m 32s· 4 players
Game mode
Random Map
Map size
Medium (4 player)
Population
200
Speed
Normal
Resources
Standard
Victory
Conquest
Starting age
Dark Age
Ending age
Imperial Age
RankedLock teamsTeams togetherTeam positionsShared explorationLock speedFull tech treeHidden civsTurbo modeCheats
Victory
Defeat
🇨🇱 Mapuche · Chile
1060
+13
🇨🇱 Tupi · Chile
1022
+13
🇸🇦 Danes · Saudi Arabia
983
-13
🇸🇦 Italians · Saudi Arabia
980
-13
[GE]Aplostlico
10:33 Feudal Age
11:35 Double-Bit Axe
11:30 Horse Collar
17:20 Castle Age
15:22 Champi Runner
15:48 Arson
16:23 Fletching
16:34 Padded Archer Armor
16:38 Gold Mining
17:48 Forging
17:38 Scale Mail Armor
19:26 Loom
20:18 Wheelbarrow
20:59 Town Watch
21:44 Bodkin Arrow
22:06 Heavy Plow
24:18 Hand Cart
24:48 Fervor
30:35 Imperial Age
29:44 Bow Saw
30:53 Leather Archer Armor
31:08 Ballistics
32:25 Chemistry
33:06 Town Patrol
33:43 Malon
34:10 Conscription
35:10 Butalmapu
35:54 Crop Rotation
36:22 Ring Archer Armor
36:14 Elite Kona
37:14 Caravan
38:06 Iron Casting
37:42 Elite Bolas Rider
38:24 Treadmill Crane
38:55 Masonry
38:43 Murder Holes
38:55 Elite Skirmisher
38:55 Pikeman
40:38 Blast Furnace
39:53 Chain Mail Armor
39:31 Capped Ram
40:44 Siege Engineers
41:45 Architecture
40:50 Sappers
42:09 Hoardings
41:24 Halberdier
41:29 Champi Warrior
42:47 Plate Mail Armor
41:47 Onager
42:35 Heavy Scorpion
46:10 Elite Champi Warrior
[GE]GhandioHarry
9:08 Loom
11:22 Feudal Age
12:04 Double-Bit Axe
12:23 Horse Collar
15:51 Loom
18:24 Castle Age
16:28 Champi Runner
22:03 Bow Saw
24:15 Loom
26:19 Padded Archer Armor
29:31 Imperial Age
28:45 Heavy Plow
28:43 Champi Warrior
29:39 Fletching
30:30 Ballistics
30:19 Arson
30:49 Elite Champi Warrior
33:35 Forging
33:42 Leather Archer Armor
33:30 Elite Blackwood Archer
34:54 Squires
35:31 Iron Casting
34:38 Elite Skirmisher
36:10 Wheelbarrow
36:53 Two-Man Saw
36:20 Caciques
36:26 Scale Mail Armor
37:08 Gold Mining
37:10 Stone Mining
37:41 Hand Cart
37:13 Town Watch
37:03 Capped Ram
38:22 Ring Archer Armor
38:12 Caravan
38:05 Pikeman
39:37 Town Patrol
40:23 Gold Shaft Mining
39:34 Halberdier
40:36 Chain Mail Armor
40:17 Bodkin Arrow
41:05 Conscription
41:01 Bracer
41:56 Curare
42:52 Plate Mail Armor
41:57 Siege Ram
43:17 Coinage
44:20 Chemistry
55:44 Banking
56:21 Murder Holes
58:03 Devotion
57:47 Treadmill Crane
59:48 Sappers
60:54 Hoardings
60:58 Faith
98_Natsu
13:28 Feudal Age
14:18 Double-Bit Axe
15:20 Wheelbarrow
14:57 Horse Collar
15:28 Stone Mining
15:38 Gold Mining
15:57 Loom
20:33 Castle Age
21:32 Bow Saw
25:48 Imperial Age
25:48 Hand Cart
31:33 Chemistry
35:31 Padded Archer Armor
35:21 Fletching
35:43 Forging
35:47 Murder Holes
35:32 Treadmill Crane
37:36 Elite Genoese Crossbowman
38:37 Conscription
38:38 Leather Archer Armor
38:18 Bodkin Arrow
38:59 Iron Casting
40:05 Elite Skirmisher
40:06 Crossbowman
40:52 Thumb Ring
41:24 Ring Archer Armor
40:55 Bracer
42:40 Two-Man Saw
41:15 Arbalester
43:16 Heavy Plow
53:57 Scale Mail Armor
53:46 Arson
HHH
0:26 Loom
9:57 Feudal Age
11:03 Double-Bit Axe
16:26 Castle Age
14:44 Horse Collar
16:28 Gold Mining
16:30 Stone Mining
17:31 Bow Saw
17:36 Heavy Plow
20:51 Wheelbarrow
20:01 Town Watch
20:13 Town Watch
26:19 Hand Cart
27:40 Ballistics
32:08 Imperial Age
30:57 Murder Holes
30:53 Heated Shot
31:18 Masonry
33:03 Gold Shaft Mining
32:44 Fletching
32:58 Padded Archer Armor
32:26 Onager
33:30 Conscription
32:39 Northmen's Fury
32:55 Elite Jomsviking
32:56 Hamask
33:04 Elite Skirmisher
34:23 Siege Onager
36:13 Chemistry
36:01 Siege Engineers
36:08 Bodkin Arrow
36:18 Scale Mail Armor
36:29 Heavy Scorpion
37:37 Bracer
39:53 Forging
39:59 Chain Mail Armor
39:57 Town Patrol
41:13 Iron Casting
41:59 Plate Mail Armor
43:45 Blast Furnace
43:02 Leather Archer Armor
53:03 Ring Archer Armor
Connection lost

Rejoining the realm…

Still unreachable

The connection could not be restored.

Session expired

The server has moved on; the page needs a fresh start.